 Dungeon Crawl Stone Soup version 0.31-a0-233-g139696dc86 (webtiles) character file.

Game seed: 7064249231744271941

76 gelatine the Chopper (level 4, -2/34 HPs)
             Began as a Demonspawn Gladiator on July 7, 2023.
             Slain by a gnoll
             ... wielding a +0 whip
              (4 damage)
             ... on level 2 of the Dungeon.
             The game lasted 00:02:59 (1051 turns).

gelatine the Chopper (Demonspawn Gladiator)         Turns: 1051, Time: 00:03:00

Health: -2/34      AC:  7    Str: 14 (16) XL:     4   Next: 12%
Magic:  4/4        EV: 11    Int:  9 (11) God:
Gold:   52         SH:  0    Dex: 13 (15) Spells: 3/3 levels left

rFire   . . .        a - +0 war axe
rCold   . . .        (no shield)
rNeg    . . .        o - +0 ring mail
rPois   .            c - +0 helmet
rElec   .            l - +0 cloak
rCorr   .            (no gloves)
SInv    .            (no boots)
Will    +....        (no amulet)
Stlth   +            g - ring of willpower
HPRegen 0.25/turn    (no ring)
MPRegen 0.09/turn

%: no passive effects
@: no status effects
A: powered by death 1, big brain 1
a: no special abilities


You were on level 2 of the Dungeon.
You visited 1 branch of the dungeon, and saw 2 of its levels.

You collected 52 gold pieces.

Inventory:

Hand Weapons
 a - a +0 war axe (weapon)
Missiles
 d - a throwing net (quivered)
 e - a javelin
Armour
 b - a +0 leather armour
 c - a +0 helmet (worn)
 l - a +0 cloak (worn)
 o - a +0 ring mail (worn)
Jewellery
 g - a ring of willpower (left hand)
Scrolls
 f - a scroll of immolation {unknown}
 h - a scroll of fear {unknown}
 i - 2 scrolls of identify {unknown}
 j - a scroll of enchant armour {unknown}
 k - a scroll of poison {unknown}
 m - a scroll of vulnerability {unknown}
 n - a scroll of silence {unknown}


   Skills:
 * Level 2.5 Fighting
 * Level 3.6 Axes
 * Level 2.0 Throwing
 * Level 1.0 Armour
 * Level 2.9 Dodging
 + Level 0.6 Stealth


You had 3 spell levels left.
You didn't know any spells.
Your spell library was empty.

Dungeon Overview and Level Annotations

Branches:
Dungeon (2/15)

Altars:


Innate Abilities, Weirdness & Mutations

You regenerate a little health from kills.
You have an unusually large brain. (Int +2)


Message History

Your Armour skill increases to level 1!
You have reached level 4!
You feel agile.
Your demonic ancestry asserts itself...
A wave of death washes over you.
You hit the gnoll.
The gnoll is moderately wounded.
The gnoll hits you but does no damage. The gnoll hits you with a +0 whip.
* * * LOW HITPOINT WARNING * * *
You hit the gnoll.
The gnoll is heavily wounded.
The gnoll hits you with a +0 whip.
* * * LOW HITPOINT WARNING * * *
You hit the gnoll but do no damage.
The gnoll is moderately wounded.
The gnoll barely misses you.
You hit the gnoll but do no damage.
The gnoll is moderately wounded.
The gnoll closely misses you. The gnoll misses you.
You closely miss the gnoll.
The gnoll is moderately wounded.
The gnoll closely misses you.
You barely miss the gnoll.
The gnoll is moderately wounded.
The gnoll barely misses you.
You barely miss the gnoll.
The gnoll is moderately wounded.
The gnoll hits you with a +0 whip.
* * * LOW HITPOINT WARNING * * *
The gnoll misses you.
You aren't carrying any potions.
You hit the gnoll but do no damage.
The gnoll is moderately wounded.
The gnoll completely misses you.
You hit the gnoll.
The gnoll is severely wounded.
The gnoll hits you but does no damage.
You hit the gnoll.
The gnoll is almost dead.
The gnoll hits you but does no damage. The gnoll hits you with a +0 whip.
You die...

. #. #. ##### #. #.
##...## #.
###.#######⌠...⌠## ###.
#....#...........###.#.
###.#..#.###...<.......#.
......÷..................
##.##g.#g####.÷†..#..#.#.
...g.#@####.....##.#.#.
...#?..#.#.............#.
.# #.###.###############.
..#.............†..... ##
#.#.################
#.#.# # #.# #.# #..


You could see a gnoll.

Vanquished Creatures
  2 gnolls (D:2)
  2 adders (D:2)
  A dart slug (D:1)
  An endoplasm (D:1)
  3 giant cockroaches (D:1)
  A hobgoblin (D:2)
  4 jackals (D:2)
  2 quokkas
  6 ball pythons
  5 bats
  A frilled lizard (D:1)
  2 goblins (D:1)
  3 kobolds (D:1)
  5 rats (D:1)
38 creatures vanquished.

Notes
Turn   | Place    | Note
-------+----------+-------------------------------------------
     0 | D:1      | gelatine the Demonspawn Gladiator began the quest for the
                  | Orb.
     0 | D:1      | Reached XP level 1. HP: 16/16 MP: 1/1
   162 | D:1      | Reached skill level 3 in Axes
   166 | D:1      | Gained mutation: You have an unusually large brain. (Int
                  | +2) [demonic ancestry]
   166 | D:1      | Reached XP level 2. HP: 20/22 MP: 2/2
   700 | D:2      | Reached XP level 3. HP: 25/28 MP: 3/3
   735 | D:2      | HP: 1/28 [poisoned by an adder]
  1042 | D:2      | Reached skill level 1 in Armour
  1042 | D:2      | Gained mutation: You regenerate a little health from kills.
                  | [demonic ancestry]
  1042 | D:2      | Reached XP level 4. HP: 11/34 MP: 4/4
  1048 | D:2      | HP: 1/34 [gnoll/+0 whip (5)]
  1051 | D:2      | Slain by a gnoll

Illustrated notes

Levels and vault maps discovered:
D:1:      wander_arrival_chamber, layout_loops_cross, minmay_small_reverse_x
D:2:      layout_basic, shapermc_ecumenical_altar_hornbeckon,
          nrook_mini_backslash, grunt_ministairs_1,
          nicolae_kite_square_tiling_tiny

Skill      XL: |  1  2  3 |
---------------+----------+-----
Axes           | 3 |  3.6
Throwing       | 2 |  2.0
Armour         | 1 |  1.0
Fighting       | |  2.5
Dodging        | |  2.9
Stealth        | |  0.6

Action                     |  1- 3 |  4- 6 || total
---------------------------+-------+-------++-------
  Melee: War axe           |    93 |    10 ||   103
  Throw: Throwing net      |     2 |       ||     2
    Use: Potion            |     2 |       ||     2
   Stab: Sleeping          |     3 |       ||     3
 Armour: Leather armour    |    22 |       ||    22
         Ring mail         |    20 |     3 ||    23
  Dodge: Dodged            |    87 |     7 ||    94

Table legend: (Time is in decaauts)
 A = Elapsed time spent in this place.
 B = Non-inter-level travel time spent in this place.
 C = Inter-level travel time spent in this place.
 D = Time resting spent in this place.
 E = Time spent auto-exploring this place.
 F = Levels seen in this place.
 G = Mean time per level.
                   A        B        C        D        E       F      G
               +--------+--------+--------+--------+--------+-----+--------+
         Total |   1085 |   1035 |     50 |      0 |    746 |   2 |  542.5 |
       Dungeon |   1085 |   1035 |     50 |      0 |    746 |   2 |  542.5 |
               +--------+--------+--------+--------+--------+-----+--------+

Top non-repeatable levels by time:
     D:1: 824 daAuts
     D:2: 261 daAuts
